 Dungeon Crawl Stone Soup version 0.28-a0-1513-ge4f4046303 (webtiles) character file.

Game seed: 10726573686771499993

755 Gargoyl the Skirmisher (level 7, -2/60 HPs)
             Began as a Gnoll Abyssal Knight on Jan 16, 2022.
             Was a Believer of Lugonu.
             Splashed by a jelly's acid (10 damage)
             ... on level 6 of the Dungeon.
             The game lasted 00:05:53 (5203 turns).

Gargoyl the Skirmisher (Gnoll Abyssal Knight)       Turns: 5203, Time: 00:05:54

Health: -2/60      AC: -2    Str: 14    XL:     7   Next: 79%
Magic:  20/20      EV:  7    Int: 10    God:    Lugonu [**....]
Gold:   214        SH:  0    Dex: 12    Spells: 11/11 levels left

rFire   . . .      SeeInvis .   a - +2 hand axe
rCold   . . .      Faith    .   (no shield)
rNeg    + . .      Spirit   .   o - +0 chain mail
rPois   .          Reflect  .   e - +2 helmet
rElec   .          Harm     .   (no cloak)
rCorr   .          Rampage  .   (no gloves)
Will    .....                   (no boots)
Stlth   ..........              (no amulet)
HPRegen 0.20/turn               b - ring of magical power
MPRegen 0.17/turn               q - ring of positive energy

@: corroded
A: fangs 1, strong nose, distributed training
a: Renounce Religion, Depart the Abyss, Bend Space


You were on level 6 of the Dungeon.
You worshipped Lugonu.
Lugonu was pleased with you.
You visited 1 branch of the dungeon, and saw 6 of its levels.
You visited the Abyss 1 time.

You collected 214 gold pieces.

Inventory:

Hand Weapons
 a - a +2 hand axe (weapon)
Missiles
 l - 3 poisoned darts (quivered)
Armour
 e - a +2 helmet (worn)
 o - a +0 chain mail (worn)
Jewellery
 b - a ring of magical power (left hand)
 q - a ring of positive energy (right hand)
Wands
 r - a wand of iceblast (7)
 s - a wand of mindburst (9)
Scrolls
 c - 2 scrolls of fog
 i - 3 scrolls of teleportation
Potions
 d - 2 potions of might
 f - a potion of berserk rage
 g - a potion of haste
 h - a potion of degeneration {unknown}
 j - a potion of ambrosia {unknown}
 k - a potion of brilliance {unknown}
 m - a potion of invisibility {unknown}
 n - 2 potions of heal wounds
 p - a potion of curing


   Skills:
 + Level 7.1 Fighting
 + Level 2.7 Short Blades
 + Level 2.7 Long Blades
 + Level 5.3 Axes
 + Level 2.7 Maces & Flails
 + Level 2.7 Polearms
 + Level 2.7 Staves
 + Level 2.7 Slings
 + Level 2.7 Bows
 + Level 2.7 Crossbows
 + Level 2.7 Throwing
 + Level 5.3 Armour
 + Level 3.8 Dodging
 + Level 2.7 Stealth
 + Level 2.7 Shields
 + Level 2.7 Unarmed Combat
 + Level 2.7 Spellcasting
 + Level 2.2 Conjurations
 + Level 2.2 Hexes
 + Level 2.2 Summonings
 + Level 2.2 Necromancy
 + Level 2.2 Translocations
 + Level 2.2 Transmutations
 + Level 2.2 Fire Magic
 + Level 2.2 Ice Magic
 + Level 2.2 Air Magic
 + Level 2.2 Earth Magic
 + Level 2.2 Poison Magic
 + Level 5.5 Invocations
 + Level 2.7 Evocations


You had 11 spell levels left.
You didn't know any spells.
Your spell library contained the following spells:

 Spells                   Type           Power      Damage    Failure   Level
 Shock                    Conj/Air       20%        1d4       94%         1
 Summon Small Mammal      Summ           20%        N/A       94%         1
 Call Canine Familiar     Summ           5%         N/A       100%        3
 Inner Flame              Hex/Fire       5%         N/A       100%        3
 Summon Guardian Golem    Hex/Summ       5%         N/A       100%        3
 Swiftness                Air            5%         N/A       100%        3
 Airstrike                Air            2%         N/A       100%        4
 Cause Fear               Hex            2%         N/A       100%        4
 Discord                  Hex            2%         N/A       100%        8


Dungeon Overview and Level Annotations

Branches:
Dungeon (6/15)             Temple (0/1) D:4

Altars:
Nemelex Xobeh

Annotations:
D:6 1 transporter


Innate Abilities, Weirdness & Mutations

You have very sharp teeth.
Your uncanny sense of smell can sniff out nearby items.
Your experience applies equally to all skills.


Message History

Found 13 gold pieces.
Items here: ))) [[ †††.
You now have 214 gold pieces (gained 13).
A jelly and a bullfrog skeleton come into view.
The jelly quivers.
The bullfrog skeleton moves out of view.
A jelly is nearby!
The jelly hits you.
You are splashed with acid!
You hit the jelly. The acid corrodes you!
Your hands burn!
You bite the jelly, but do no damage.
The jelly is moderately wounded.
The jelly hits you but does no damage.
You hit the jelly but do no damage.
Your hands burn!
The jelly is moderately wounded.
The jelly hits you but does no damage.
You hit the jelly.
Your hands burn!
The jelly is heavily wounded.
The bullfrog skeleton barely misses you.
The jelly barely misses you.
You hit the jelly. The acid corrodes you!
Your hands burn!
You bite the jelly, but do no damage.
The jelly is heavily wounded.
You barely miss the bullfrog skeleton. The bullfrog skeleton hits you.
The jelly hits you but does no damage.
You hit the jelly. The acid corrodes you!
Your hands burn!
Your punch misses the jelly.
The jelly is severely wounded.
You hit the bullfrog skeleton but do no damage.
The bullfrog skeleton closely misses you.
The jelly hits you.
You are splashed with acid!
You hit the jelly. The acid corrodes you!
Your hands burn!
* * * LOW HITPOINT WARNING * * *
The jelly is almost dead.
You hit the bullfrog skeleton but do no damage.
The bullfrog skeleton hits you!
* * * LOW HITPOINT WARNING * * *
The jelly hits you.
* * * LOW HITPOINT WARNING * * *
You are splashed with acid!
You die...

# ###.## .
#.... ..###
..#.#
....###...#
.....#..J.#.#
#..@....# #
#.Z##.###
#.#..##.# ∆
#....##.#
#.......#
.....#####.#
..###.# #.#
#.# #.# #.#
#.#


You could see a jelly and a bullfrog skeleton.

Vanquished Creatures
  A sky beast (D:6)
  2 centaurs
  An ogre (D:4)
  A scorpion (D:5)
  A bullfrog zombie (D:5)
  A centaur skeleton (D:6)
  An orc priest (D:6)
  A bullfrog skeleton (D:4)
  An orc wizard (D:6)
  A hound skeleton (D:3)
  14 adders
  A howler monkey skeleton (D:4)
  A worm (D:2)
  10 orcs
  2 ball pythons
  2 bats
  5 endoplasms
  2 giant cockroaches
  3 goblins
  4 hobgoblins
  3 jackals (D:3)
  4 kobolds
  5 frilled lizards
  4 rats
71 creatures vanquished.

Vanquished Creatures (others)
  3 plants
3 creatures vanquished.

Grand Total: 74 creatures vanquished

Notes
Turn   | Place    | Note
-------+----------+-------------------------------------------
     0 | Abyss:1  | Gargoyl the Gnoll Abyssal Knight began the quest for the
                  | Orb.
     0 | Abyss:1  | Reached XP level 1. HP: 23/23 MP: 3/3
    12 | D:1      | Escaped the Abyss
    88 | D:1      | Reached * piety under Lugonu
   629 | D:1      | Reached XP level 2. HP: 29/29 MP: 5/5
  1017 | D:2      | Reached XP level 3. HP: 20/35 MP: 6/6
  1203 | D:2      | Noticed a shining eye
  1210 | D:2      | Found a faded altar of an unknown god.
  1219 | D:2      | Noticed an eye of devastation
  1219 | D:2      | Noticed a shining eye
  1219 | D:2      | Noticed a great orb of eyes
  1886 | D:3      | Reached skill level 1 in Short Blades
  1886 | D:3      | Reached skill level 1 in Long Blades
  1886 | D:3      | Reached skill level 1 in Maces & Flails
  1886 | D:3      | Reached skill level 1 in Polearms
  1886 | D:3      | Reached skill level 1 in Staves
  1886 | D:3      | Reached skill level 1 in Slings
  1886 | D:3      | Reached skill level 1 in Bows
  1886 | D:3      | Reached skill level 1 in Crossbows
  1886 | D:3      | Reached skill level 1 in Throwing
  1886 | D:3      | Reached skill level 1 in Stealth
  1886 | D:3      | Reached skill level 1 in Shields
  1886 | D:3      | Reached skill level 1 in Unarmed Combat
  1886 | D:3      | Reached skill level 1 in Spellcasting
  1886 | D:3      | Reached skill level 1 in Evocations
  1891 | D:3      | Reached XP level 4. HP: 21/41 MP: 7/7
  2209 | D:3      | Found a sparkling altar of Nemelex Xobeh.
  2298 | D:3      | Reached skill level 1 in Conjurations
  2298 | D:3      | Reached skill level 1 in Hexes
  2298 | D:3      | Reached skill level 1 in Summonings
  2298 | D:3      | Reached skill level 1 in Necromancy
  2298 | D:3      | Reached skill level 1 in Translocations
  2298 | D:3      | Reached skill level 1 in Transmutations
  2298 | D:3      | Reached skill level 1 in Fire Magic
  2298 | D:3      | Reached skill level 1 in Ice Magic
  2298 | D:3      | Reached skill level 1 in Air Magic
  2298 | D:3      | Reached skill level 1 in Earth Magic
  2298 | D:3      | Reached skill level 1 in Poison Magic
  2490 | D:3      | Reached XP level 5. HP: 42/47 MP: 8/8
  2782 | D:4      | Reached ** piety under Lugonu
  2841 | D:4      | Noticed an ogre
  2848 | D:4      | Killed an ogre
  3079 | D:4      | Found a staircase to the Ecumenical Temple.
  3196 | D:4      | Reached skill level 5 in Invocations
  3220 | D:4      | Reached XP level 6. HP: 43/53 MP: 9/9
  3612 | D:5      | Entered Level 5 of the Dungeon
  3988 | D:5      | Reached skill level 5 in Axes
  3988 | D:5      | Reached skill level 5 in Armour
  4221 | D:5      | Reached XP level 7. HP: 26/59 MP: 10/10
  4761 | D:6      | Reached skill level 7 in Fighting
  5043 | D:6      | Found a transporter.
  5203 | D:6      | Splashed by a jelly's acid

Illustrated notes

Levels and vault maps discovered:
D:1:      dpeg_arrival_pits, layout_loops_ring, minmay_hexomino_u4
D:2:      layout_loops_ring, serial_forest, infiniplex_forest_lined_2,
          infiniplex_forest_fountain, infiniplex_forest_split,
          infiniplex_forest_lined_ring, infiniplex_forest_clump_double,
          infiniplex_forest_clump_tiny, infiniplex_forest_lined_2,
          infiniplex_forest_corner_1, infiniplex_forest_zigzag_1,
          hellmonk_ecumenical_altar_watching_god
D:3:      layout_basic, lemuel_round_altar
D:4:      layout_basic, lemuel_temple_firewalk_b
D:5:      layout_cave_pools, minmay_misc_feat_diagonals, kennysheep_boxes
D:6:      gammafunk_steamed_eel, layout_loops_ring, enter_ossuary_3,
          guppyfry_early_elven_hall

Skill      XL: |  1  2  3  4  5  6  7 |
---------------+----------------------+-----
Short Blades   | 1 2 |  2.7
Long Blades    | 1 2 |  2.7
Maces & Flails | 1 2 |  2.7
Polearms       | 1 2 |  2.7
Staves         | 1 2 |  2.7
Slings         | 1 2 |  2.7
Bows           | 1 2 |  2.7
Crossbows      | 1 2 |  2.7
Throwing       | 1 2 |  2.7
Stealth        | 1 2 |  2.7
Shields        | 1 2 |  2.7
Unarmed Combat | 1 2 |  2.7
Spellcasting   | 1 2 |  2.7
Evocations     | 1 2 |  2.7
Conjurations   | 1 2 |  2.2
Hexes          | 1 2 |  2.2
Summonings     | 1 2 |  2.2
Necromancy     | 1 2 |  2.2
Translocations | 1 2 |  2.2
Transmutations | 1 2 |  2.2
Fire Magic     | 1 2 |  2.2
Ice Magic      | 1 2 |  2.2
Air Magic      | 1 2 |  2.2
Earth Magic    | 1 2 |  2.2
Poison Magic   | 1 2 |  2.2
Dodging        | 3 |  3.8
Invocations    | 5 |  5.5
Axes           | 5 |  5.3
Armour         | 5 |  5.3
Fighting       | 7 |  7.1

Action                   |  1- 3 |  4- 6 |  7- 9 || total
-------------------------+-------+-------+-------++-------
Melee: Hand axe          |    86 |   151 |    77 ||   314
       Bite              |     9 |    14 |     8 ||    31
       Punch             |       |     5 |     4 ||     9
Throw: Dart              |       |     7 |       ||     7
Invok: Depart the Abyss  |     1 |       |       ||     1
  Use: Scroll            |       |    12 |     2 ||    14
 Stab: Sleeping          |     1 |       |       ||     1
Armor: Leather armour    |    10 |       |       ||    10
       Chain mail        |    23 |   101 |    84 ||   208
Dodge: Dodged            |    48 |    70 |    53 ||   171

Table legend: (Time is in decaauts)
 A = Elapsed time spent in this place.
 B = Non-inter-level travel time spent in this place.
 C = Inter-level travel time spent in this place.
 D = Time resting spent in this place.
 E = Time spent auto-exploring this place.
 F = Levels seen in this place.
 G = Mean time per level.
                   A        B        C        D        E       F      G
               +--------+--------+--------+--------+--------+-----+--------+
         Total |   5224 |   5067 |    157 |    597 |   3673 |   7 |  746.3 |
       Dungeon |   5212 |   5055 |    157 |    597 |   3662 |   6 |  868.7 |
         Abyss |     12 |     12 |      0 |      0 |     11 |   1 |   12.0 |
               +--------+--------+--------+--------+--------+-----+--------+

Top non-repeatable levels by time:
     D:5: 1321 daAuts
     D:2: 1315 daAuts
     D:4: 865 daAuts
     D:1: 792 daAuts
     D:3: 639 daAuts
     D:6: 279 daAuts
 Abyss:1: 12 daAuts
